 Dungeon Crawl Stone Soup version 0.30.1-11-g7821555f0a (webtiles) character file.

Game seed: 442898839318079791

3 Amplified the Caller (level 1, 0/14 HPs)
             Began as a Demonspawn Summoner on Nov 9, 2023.
             Slain by a jackal (1 damage)
             ... on level 1 of the Dungeon.
             The game lasted 00:00:28 (142 turns).

Amplified the Caller (Demonspawn Summoner)           Turns: 142, Time: 00:00:28

Health: 0/14       AC:  2    Str:  8    XL:     1   Next: 41%
Magic:  1/3        EV: 12    Int: 16    God:
Gold:   0          SH:  0    Dex: 13    Spells: 3/4 levels left

rFire   . . .        e - +0 hand axe
rCold   . . .        (no shield)
rNeg    . . .        a - +0 robe
rPois   +            (no helmet)
rElec   .            (no cloak)
rCorr   .            (no gloves)
SInv    .            (no boots)
Will    .....        (no amulet)
Stlth   ++           (no ring)
HPRegen 0.22/turn    (no ring)
MPRegen 0.08/turn

%: no passive effects
@: mighty
A: poison resistance, robust 1
a: no special abilities


You were on level 1 of the Dungeon.
You visited 1 branch of the dungeon, and saw 1 of its levels.

Inventory:

Hand Weapons
 e - a +0 hand axe (weapon)
Armour
 a - a +0 robe (worn)
Scrolls
 c - a scroll of noise {unknown}
 g - a scroll of enchant armour {unknown}
Potions
 b - a potion of magic
 h - a potion of heal wounds {unknown}
 i - a potion of berserk rage {unknown}


   Skills:
 * Level 0.2 Fighting
 * Level 0.2 Armour
 - Level 1.7 Dodging
 - Level 1.7 Stealth
 * Level 2.0 Spellcasting
 * Level 4.0 Summonings


You had 3 spell levels left.
You knew the following spells:

 Your Spells              Type           Power      Damage    Failure   Level
a - Summon Small Mammal   Summ           56%        N/A       4%          1

Your spell library contained the following spells:

 Spells                   Type           Power      Damage    Failure   Level
 Call Imp                 Summ           28%        N/A       6%          2
 Call Canine Familiar     Summ           14%        N/A       12%         3
 Slow                     Hex            4%         N/A       21%         1
 Summon Guardian Golem    Hex/Summ       8%         N/A       26%         3
 Confusing Touch          Hex            1%         N/A       52%         3
 Vampiric Draining        Necr           1%         2d6       52%         3
 Summon Lightning Spire   Summ/Air       8%         N/A       65%         4


Dungeon Overview and Level Annotations

Branches:
Dungeon (1/15)

Altars:


Innate Abilities, Weirdness & Mutations

Your system is resistant to poisons. (rPois)
You are robust. (+10% HP)


Message History

Your bat hits the hobgoblin but does no damage.
The ball python barely misses your quokka. x2
Your quokka bites the hobgoblin.
Your bat hits the hobgoblin but does no damage.
The ball python closely misses your quokka.
The ball python barely misses your quokka.
It was a potion of might.
You feel very mighty all of a sudden.
Your bat hits the hobgoblin but does no damage.
Your bat barely misses the hobgoblin.
The hobgoblin closely misses your bat.
Your quokka bites the hobgoblin but does no damage.
You catch the helpless hobgoblin completely off-guard!
You slash the hobgoblin!
You kill the hobgoblin!
Your bat hits the jackal but does no damage.
The jackal pauses to sniff the ground.
Your quokka bites the quokka.
The jackal bites you.
Unknown command.
Unknown command.
You barely miss the quokka.
The quokka is heavily wounded.
You hit the jackal. Your bat misses the jackal.
Your bat barely misses the ball python.
The jackal bites you but does no damage.
The quokka bites you but does no damage.
Your quokka barely misses the quokka.
The ball python misses you. The ball python grabs you.
The ball python constricts you. The jackal bites you.
* * * LOW HITPOINT WARNING * * *
Your quokka barely misses the quokka.
The quokka bites you.
* * * LOW HITPOINT WARNING * * *
Unknown command.
Unknown command.
You escape the ball python's grasp.
Your bat misses the ball python.
Your quokka bites the ball python.
Unknown command.
It was a potion of mutation.
You feel extremely strange.
You feel resistant to poisons.
You feel robust.
Your bat barely misses the quokka.
The jackal bites you.
You die...

........ ###....#
....... ##......#
...#..#####..#....#
.#....#.....##.####
........######.#
.......## #.# .......#
##.#
.......######..########
................@h....#
.....#.#####....SrJ.#...
..#.#...............#
.......#####.....br.#
....##.#
#..........#.[#. ....#
.# ###.##.#.##....#
#...# .# ...##.#.#[....(
....# #.####.#.#)...)$
#. #...##....#


You could see an endoplasm, a quokka (ally target), a jackal (ally target), a
ball python, a friendly quokka (summoned) and a friendly bat (summoned).

Vanquished Creatures
  A hobgoblin (D:1)
  A frilled lizard (D:1)
2 creatures vanquished.

Vanquished Creatures (collateral kills)
  An endoplasm (D:1)
1 creature vanquished.

Grand Total: 3 creatures vanquished

Notes
Turn   | Place    | Note
-------+----------+-------------------------------------------
     0 | D:1      | Amplified the Demonspawn Summoner began the quest for the
                  | Orb.
     0 | D:1      | Reached XP level 1. HP: 13/13 MP: 3/3
   142 | D:1      | Gained mutation: Your system is resistant to poisons.
                  | (rPois) [potion of mutation]
   142 | D:1      | Gained mutation: You are robust. (+10% HP) [potion of
                  | mutation]
   142 | D:1      | Slain by a jackal

Illustrated notes

Levels and vault maps discovered:
D:1:      dpeg_arrival_houses_and_road, layout_rooms, roderic_serpentine_path,
          minivault_24, minmay_hexomino_c4

Action                     || total
---------------------------++-------
  Melee: Hand axe          ||     5
         Unarmed           ||     1
   Cast: Summon Small Mamm ||     5
    Use: Potion            ||     2
   Stab: Distracted        ||     1
 Armour: Robe              ||     2
  Dodge: Dodged            ||     4
